 Dungeon Sprint DCSS version 0.28-a0-1387-g3a22ab9bdc (webtiles) character file.

Game seed: 9325811559139167469

42070 mhtbhm the Draconian Blade (level 13, -16/139 (145) HPs)
             Began as a Black Draconian Berserker on Jan 2, 2022.
             Was the Champion of Trog.
             Demolished by a golden dragon zombie (21 damage)
             ... in the Dungeon (Sprint III: "The Ten Rune Challenge").
             The game lasted 00:12:56 (6564 turns).

mhtbhm the Draconian Blade (DrBe)                   Turns: 6564, Time: 00:12:56

HP:   -16/139 (145) AC:  8    Str: 26    XL:     13   Next: 13%
MP:   3/3           EV: 18    Int:  5    God:    Trog [******]
Gold: 1232          SH:  0    Dex: 10    Spells: 12/12 levels left

rFire   . . .      SeeInvis .   s - +7 great sword of Cowardice {antimagic, rC++}
rCold   + + .      Faith    +   (shield currently unavailable)
rNeg    . . .      Spirit   .   (armour unavailable)
rPois   .          Reflect  .   (helmet restricted)
rElec   +          Harm     .   (no cloak)
rCorr   .          Rampage  .   (no gloves)
Will    .....      NoTele   +   (no boots)
Stlth   +++.......              y - amulet of faith
HPRegen 0.33/turn               w - ring of flight
MPRegen 0.08/turn               (no ring)

@: on berserk cooldown, flying, slowed, lightly drained, very slow
A: breathe lightning, AC +8, unfitting armour, electricity resistance,
cold-blooded, stinger 1, dopey 1, low mp 1, noise suppression
}: 1/10 runes: serpentine
a: Breathe Lightning, Renounce Religion, Berserk, Trog's Hand, Brothers in Arms


You were in the Dungeon.
You worshipped Trog.
Trog was exalted by your worship.
You visited 1 branch You collected 1232 gold pieces.

Inventory:

Hand Weapons
 a - the +10 scimitar of Tuasuog {flame, Dex+8}
   (Trog gifted it to you in the Dungeon)

   It burns those it strikes, dealing additional fire damage.
   Big, fiery blades are also staple armaments of hydra-hunters.
   Dex:       It affects your dexterity (+8).
 p - a +2 long sword of holy wrath
 s - the +7 great sword of Cowardice (weapon) {antimagic, rC++}
   (Trog gifted it to you in the Dungeon)

   It reduces the magical energy of the wielder, and disrupts the spells and
   magical abilities of those it strikes.
   Natural abilities and divine invocations are not affected.
   rC:        It greatly protects you from cold.
 t - a +7 great sword of flaming
 B - the +7 great sword of the Whale {vorpal, Str+3}
   (Trog gifted it to you in the Dungeon)

   It inflicts extra damage upon your enemies.
   Str:       It affects your strength (+3).
Missiles
 r - 7 javelins (quivered)
 A - 7 curare-tipped darts
Armour
 C - an orb of mayhem
Jewellery
 w - a ring of flight (left hand)
 y - an amulet of faith (around neck)
Wands
 h - a wand of iceblast (6)
 q - a wand of charming (14)
 u - a wand of acid (20)
Scrolls
 i - a scroll of torment {unknown}
 j - a scroll of magic mapping {unknown}
 l - a scroll of holy word {unknown}
 m - a scroll of identify {unknown}
 v - a scroll of amnesia {unknown}
 z - a scroll of enchant armour {unknown}
Potions
 b - a potion of curing
 c - a potion of heal wounds
 e - 2 potions of magic
 f - 2 potions of berserk rage
 k - 3 potions of flight
 n - a potion of degeneration {unknown}
 x - a potion of lignification {unknown}
Miscellaneous
 o - a tin of tremorstones (2/2)


   Skills:
 + Level 21.7 Fighting
 + Level 22.3 Long Blades
 + Level 2.4 Throwing
 + Level 17.7 Dodging
 + Level 7.1 Stealth
 + Level 1.4 Evocations


You had 12 spell levels left.
You didn't know any spells.
Your spell library was empty.

Dungeon Overview and Level Annotations

Branches:
Dungeon (1/1)

Altars:
Cheibriados
Dithmenos
Elyvilon
Fedhas
Gozag
Hepliaklqana
Kikubaaqudgha
Makhleb
Nemelex Xobeh
Okawaru
Qazlal
Ru
Sif Muna
Trog
Uskayaw
Vehumet
Wu Jian
Xom
Yredelemnul
Zin
The Shining One
Beogh
Jiyva
Lugonu

Shops:
D !(::!((?!??=:[[

Annotations:
D Boris


Innate Abilities, Weirdness & Mutations

You can breathe wild blasts of lightning.
Your glossy black scales are hard. (AC +8)
You cannot fit into any form of body armour.
You are resistant to electric shocks. (rElec)
You are cold-blooded and may be slowed by cold attacks.
Your tail ends in a venomous barb.
You are dopey. (Int -2)
Your magical capacity is low. (-10% MP)
You passively dampen the noise of your surroundings.


Message History

No reachable target in view!
No reachable target in view!
You feel a strong urge to attack something.
The orb of destruction hits a closed door.
There is an open door here.
You feel your anger nearly subside.
You are no longer berserk.
You are exhausted.
You feel yourself slow down.
Your stone giant goes berserk!
The golden dragon zombie is engulfed in freezing vapours.
Unknown command.
Your stone giant hits something!!!
You miss something. You tail-slap something. Something hits you.
Something touches you!
Your stone giant closely misses something.
You miss something.
Your stone giant completely misses something.
Something hits you! Something closely misses you.
Your stone giant hits something!!
Something hits you but does no damage. Something touches you.
You feel drained.
You slash something!
Your stone giant hits something.
The golden dragon zombie bites you!
The golden dragon zombie claws you but does no damage.
The golden dragon zombie misses you. Something hits you! Something touches you.
You feel drained.
You miss something.
Your stone giant closely misses something. x2
The golden dragon zombie bites you! The golden dragon zombie claws you.
The golden dragon zombie tramples you!
* * * LOW HITPOINT WARNING * * *
You hold your ground!
Something hits you!
* * * LOW HITPOINT WARNING * * *
Something touches you!
* * * LOW HITPOINT WARNING * * *
You feel drained.
* * * LOW HITPOINT WARNING * * *
Unknown command.
You hit something but do no damage.
Your tail-slap misses something.
Your stone giant hits something!!!
The golden dragon zombie bites you!!
You die...

#∩.####################.#......#
#∩...........##.#.#.#.#........#
##..........†##................#
##############................#
########'############## #...
##...## #.. ##..)..##
#'###Z......# +).Z'{@.....+
#+###.C.....# ##.....## ##...##
##+##


You could see an iron troll simulacrum, a golden dragon zombie (ally target) and
a friendly stone giant (summoned, berserk).

Vanquished Creatures
  Harold (D)
  A nagaraja (D)
  A fire dragon (D)
  A naga warrior (D)
  2 hydras (D)
  Erolcha (D)
  4 anacondas (D)
  A centaur warrior (D)
  4 dancing weapons (D)
  A death drake (shapeshifter) (D)
  A death drake (D)
  An obsidian statue (D)
  A spectral iron dragon (D)
  A lindwurm (D)
  Joseph (D)
  2 deep elf pyromancers (D)
  3 deep elf zephyrmancers (D)
  4 crystal guardians (D)
  An ugly thing (D)
  A guardian serpent (D)
  5 black mambas (D)
  4 statues (D)
  2 cane toads (D)
  A komodo dragon (D)
  A queen bee (D)
  4 spriggan defenders (D)
  3 orc high priests (D)
  A tyrant leech (D)
  A slime creature (D)
  3 wandering mushrooms (D)
  A shadow (D)
  5 redbacks (D)
  2 nagas (D)
  A spatial vortex (D)
  An iron troll simulacrum (D)
  A hydra simulacrum (D)
  3 water moccasins (D)
  A necrophage (D)
  3 orc warriors (D)
  2 black mamba simulacra (D)
  A fire dragon simulacrum (D)
  5 two-headed ogres (D)
  A water elemental (D)
  32 killer bees (D)
  An electric eel (D)
  A jelly (D)
  An orc priest (D)
  Jessica (D)
  A necromancer (D)
  A wizard (D)
  A polar bear simulacrum (D)
  3 humans (D)
  A kobold demonologist (D)
  3 adders (D)
  A phantom (D)
  15 orcs (D)
  3 rats (D)
150 creatures vanquished.

Vanquished Creatures (collateral kills)
  Urug (D)
  A tyrant leech (D)
2 creatures vanquished.

Vanquished Creatures (others)
  A deep elf knight (D)
  12 plants (D)
13 creatures vanquished.

Grand Total: 165 creatures vanquished

Notes
Turn   | Place    | Note
-------+----------+-------------------------------------------
     0 | D        | mhtbhm the Draconian Berserker began the quest for the Orb.
     0 | D        | Reached XP level 1. HP: 19/19 MP: 1/1
    19 | D        | Noticed Jessica
    27 | D        | Killed Jessica
    27 | D        | Reached ** piety under Trog
    28 | D        | Reached skill level 4 in Long Blades
    28 | D        | Reached XP level 2. HP: 9/28 MP: 2/2
    29 | D        | Reached skill level 5 in Fighting
   291 | D        | Reached XP level 3. HP: 36/36 MP: 3/3
   330 | D        | Reached skill level 5 in Long Blades
   346 | D        | Gained mutation: Your spells are a little harder to cast,
                  | but a little more powerful. [potion of mutation]
   346 | D        | Gained mutation: Your mind is acute. (Int +2) [potion of
                  | mutation]
   362 | D        | Lost mutation: Your mind is acute. (Int +2) [potion of
                  | mutation]
   362 | D        | Lost mutation: Your spells are a little harder to cast, but
                  | a little more powerful. [potion of mutation]
   362 | D        | Gained mutation: Your body sometimes deteriorates upon
                  | taking damage. [potion of mutation]
   362 | D        | Gained mutation: You have hidden genetic defects. [potion
                  | of mutation]
   362 | D        | Gained mutation: Potions are less effective at restoring
                  | your health. [potion of mutation]
   363 | D        | Lost mutation: Potions are less effective at restoring your
                  | health. [potion of mutation]
   363 | D        | Lost mutation: Your body sometimes deteriorates upon taking
                  | damage. [potion of mutation]
   363 | D        | Gained mutation: Your tail ends in a venomous barb. [potion
                  | of mutation]
   374 | D        | Noticed a water elemental
   378 | D        | Killed a water elemental
   378 | D        | Reached *** piety under Trog
   379 | D        | Reached skill level 6 in Long Blades
   379 | D        | Reached skill level 5 in Dodging
   379 | D        | Reached XP level 4. HP: 38/45 MP: 4/4
   380 | D        | Gained mutation: Your body sometimes deteriorates upon
                  | taking damage. [hidden defects]
   492 | D        | Found a radiant altar of Vehumet.
   492 | D        | Found a shimmering blue altar of Sif Muna.
   492 | D        | Found an ancient bone altar of Kikubaaqudgha.
   492 | D        | Noticed a wizard
   494 | D        | Killed a wizard
   500 | D        | Reached XP level 5. HP: 52/52 MP: 5/5
   507 | D        | Gained mutation: You are dopey. (Int -2) [hidden defects]
   507 | D        | Lost mutation: You have hidden genetic defects. [hidden
                  | defects expressed]
   541 | D        | Found a glowing silver altar of Zin.
   541 | D        | Found a glowing golden altar of the Shining One.
   541 | D        | Found a white marble altar of Elyvilon.
   542 | D        | Noticed a deep elf pyromancer
   547 | D        | Killed a deep elf pyromancer
   547 | D        | Reached **** piety under Trog
   548 | D        | Reached skill level 10 in Fighting
   548 | D        | Reached skill level 10 in Long Blades
   548 | D        | Reached XP level 6. HP: 66/66 MP: 6/6
   548 | D        | Your scales start taking on a glossy black colour.
   548 | D        | Reached XP level 7. HP: 72/72 MP: 7/7
   548 | D        | Gained mutation: You are resistant to electric shocks.
                  | (rElec) [Black Draconian growth]
   591 | D        | Found a basalt altar of Yredelemnul.
   591 | D        | Found a shadowy altar of Dithmenos.
   591 | D        | Found a sacrificial altar of Ru.
   771 | D        | Found a hide-covered altar of Uskayaw.
   771 | D        | Found an iron altar of Okawaru.
   771 | D        | Found a bloodstained altar of Trog.
   771 | D        | Found an ornate altar of the Wu Jian Council.
   771 | D        | Noticed a human
   771 | D        | Noticed a human
   775 | D        | Killed a human
   775 | D        | Reached ***** piety under Trog
   779 | D        | Killed a human
   780 | D        | Reached skill level 11 in Long Blades
   795 | D        | Noticed a shadow
   798 | D        | Killed a shadow
   799 | D        | Reached XP level 8. HP: 71/82 MP: 8/8
   897 | D        | Found a blossoming altar of Fedhas.
   897 | D        | Found a stormy altar of Qazlal.
   897 | D        | Found a snail-covered altar of Cheibriados.
   897 | D        | Found a burning altar of Makhleb.
   897 | D        | Found a shimmering altar of Xom.
   899 | D        | Found a hazy altar of Hepliaklqana.
   899 | D        | Found an opulent altar of Gozag.
   899 | D        | Found a sparkling altar of Nemelex Xobeh.
   899 | D        | Found a corrupted altar of Lugonu.
   899 | D        | Found a viscous altar of Jiyva.
   967 | D        | Reached skill level 12 in Long Blades
   976 | D        | Reached skill level 1 in Stealth
  1018 | D        | Noticed a two-headed ogre
  1039 | D        | Killed a two-headed ogre
  1040 | D        | Reached skill level 10 in Dodging
  1114 | D        | Noticed Erolcha
  1114 | D        | Noticed a two-headed ogre
  1124 | D        | Killed Erolcha
  1124 | D        | Reached ****** piety under Trog
  1124 | D        | Identified the +10 scimitar of Tuasuog {flame, Dex+8} (Trog
                  | gifted it to you in the Dungeon)
  1124 | D        | Received a gift from Trog
  1125 | D        | Reached skill level 13 in Long Blades
  1125 | D        | Reached XP level 9. HP: 77/93 MP: 9/9
  1131 | D        | Killed a two-headed ogre
  1132 | D        | Reached skill level 14 in Long Blades
  1370 | D        | Noticed a wandering mushroom
  1374 | D        | Noticed a wandering mushroom
  1376 | D        | Noticed a wandering mushroom
  1387 | D        | Killed a wandering mushroom
  1392 | D        | Killed a wandering mushroom
  1393 | D        | Reached skill level 15 in Long Blades
  1418 | D        | Noticed a cane toad
  1418 | D        | Noticed a komodo dragon
  1418 | D        | Noticed a cane toad
  1425 | D        | Killed a cane toad
  1425 | D        | Identified the +7 great sword of Cowardice {antimagic,
                  | rC++} (Trog gifted it to you in the Dungeon)
  1425 | D        | Received a gift from Trog
  1429 | D        | Killed a cane toad
  1430 | D        | Reached XP level 10. HP: 89/104 MP: 10/10
  1431 | D        | Noticed Urug
  1433 | D        | Reached skill level 16 in Long Blades
  1443 | D        | Killed Urug
  1444 | D        | Reached skill level 15 in Fighting
  1444 | D        | Noticed a lindwurm
  1447 | D        | Killed a lindwurm
  1447 | D        | Received a gift from Trog
  1448 | D        | Reached skill level 17 in Long Blades
  1702 | D        | Noticed a six-headed hydra
  1702 | D        | Noticed a six-headed hydra
  1711 | D        | Killed a three-headed hydra
  1715 | D        | Killed a three-headed hydra
  1717 | D        | Noticed a death drake
  1864 | D        | Killed a death drake
  1864 | D        | Received a gift from Trog
  2228 | D        | Reached skill level 18 in Long Blades
  2634 | D        | Noticed a black mamba
  2635 | D        | Noticed a black mamba
  2635 | D        | Noticed an anaconda
  2637 | D        | Noticed an anaconda
  2644 | D        | Killed an anaconda
  2645 | D        | Reached XP level 11. HP: 75/116 MP: 4/11
  2650 | D        | Killed an anaconda
  2650 | D        | Received a gift from Trog
  2652 | D        | Reached skill level 1 in Throwing
  2949 | D        | Reached skill level 19 in Long Blades
  3265 | D        | Noticed an anaconda
  3265 | D        | Noticed an anaconda
  3270 | D        | Killed an anaconda
  3275 | D        | Killed an anaconda
  3275 | D        | Received a gift from Trog
  3280 | D        | Reached skill level 5 in Stealth
  3473 | D        | Noticed a naga warrior
  3473 | D        | Noticed a nagaraja
  3475 | D        | Found Woaschor's Distillery.
  3475 | D        | Found Feig's Antique Weapon Shoppe.
  3478 | D        | Found Onyetih's Book Boutique.
  3487 | D        | Killed a nagaraja
  3495 | D        | Killed a naga warrior
  3496 | D        | Reached skill level 20 in Long Blades
  3497 | D        | Received a gift from Trog
  3882 | D        | Got a serpentine rune of Zot
  4012 | D        | Found Jiruagar's Book Boutique.
  4016 | D        | Received a gift from Trog
  4027 | D        | Received a gift from Trog
  4148 | D        | Noticed a deep elf zephyrmancer
  4148 | D        | Noticed a deep elf pyromancer
  4148 | D        | Noticed a deep elf zephyrmancer
  4148 | D        | Noticed a deep elf knight
  4148 | D        | Noticed a deep elf zephyrmancer
  4157 | D        | Killed a deep elf knight
  4159 | D        | Killed a deep elf pyromancer
  4160 | D        | Noticed a deep elf annihilator
  4160 | D        | Noticed a deep elf annihilator
  4164 | D        | Killed a deep elf zephyrmancer
  4164 | D        | Noticed a deep elf death mage
  4166 | D        | Killed a deep elf zephyrmancer
  4166 | D        | Received a gift from Trog
  4167 | D        | Reached XP level 12. HP: 130/130 MP: 4/12
  4245 | D        | Lost mutation: You are dopey. (Int -2) [potion of mutation]
  4245 | D        | Lost mutation: Your body sometimes deteriorates upon taking
                  | damage. [potion of mutation]
  4245 | D        | Gained mutation: You passively dampen the noise of your
                  | surroundings. [potion of mutation]
  4245 | D        | Gained mutation: Your magical capacity is low. (-10% MP)
                  | [potion of mutation]
  4283 | D        | Received a gift from Trog
  4294 | D        | Reached skill level 1 in Evocations
  4301 | D        | Received a gift from Trog
  4325 | D        | Received a gift from Trog
  4348 | D        | Received a gift from Trog
  4571 | D        | Noticed Harold
  4571 | D        | Noticed Joseph
  4581 | D        | Killed Joseph
  4582 | D        | Reached skill level 15 in Dodging
  4587 | D        | Killed Harold
  4588 | D        | Reached skill level 21 in Long Blades
  4636 | D        | Identified the +7 great sword of the Whale {vorpal, Str+3}
                  | (Trog gifted it to you in the Dungeon)
  4636 | D        | Received a gift from Trog
  4638 | D        | Gained mutation: You are dopey. (Int -2) [a neqoxec]
  4721 | D        | Found Kyedghub's Magic Scroll Emporium.
  4721 | D        | Found Hekhen's Jewellery Shop.
  4721 | D        | Found Cudergh's Distillery.
  4721 | D        | Found Kaulonappi's Magic Scroll Emporium.
  4721 | D        | Found Unuff's Antique Armour Shop.
  4721 | D        | Found Jamnuik's Antique Armour Emporium.
  4721 | D        | Found Otiorro's Book Boutique.
  4722 | D        | Found Xerett's Magic Scroll Boutique.
  4722 | D        | Found Pouluna's Antique Weapon Shoppe.
  4722 | D        | Found Oguceump's Antique Weapon Shop.
  4722 | D        | Found Derghuschu's Distillery.
  4987 | D        | Received a gift from Trog
  5107 | D        | Identified the +3 scimitar "Ediaviat" {speed, rElec rN+}
  5282 | D        | Noticed a centaur warrior
  5287 | D        | Killed a centaur warrior
  5397 | D        | Noticed a fire dragon
  5411 | D        | Killed a fire dragon
  5544 | D        | Received a gift from Trog
  5831 | D        | Reached skill level 22 in Long Blades
  5835 | D        | Reached XP level 13. HP: 143/143 MP: 3/11
  5979 | D        | Received a gift from Trog
  5980 | D        | Paralysed by an air elemental for 1 turns
  5985 | D        | Paralysed by an air elemental for 1 turns
  5989 | D        | Paralysed by an air elemental for 1 turns
  5998 | D        | Paralysed by an air elemental for 1 turns
  5999 | D        | HP: 9/214 [air elemental/stunning burst[an air elementalist
                  | statue] (3)]
  6000 | D        | HP: 4/214 [air elemental[an air elementalist statue] (6)]
  6540 | D        | Noticed Boris
  6553 | D        | Received a gift from Trog
  6563 | D        | HP: 5/139 [something (5)]
  6564 | D        | Demolished by a golden dragon zombie

Illustrated notes

Levels and vault maps discovered:
D:        dungeon_sprint_mu [sprint_mu_entry_forest, sprint_mu_temple_rooms,
          sprint_mu_d1_spiders, sprint_mu_d2_genie, sprint_mu_d3_branching,
          sprint_mu_orc_legion, sprint_mu_elf_gauntlet, sprint_mu_hive_nellie,
          sprint_mu_lair_fedhas, sprint_mu_vaults_butterflies,
          sprint_mu_slime_circle, sprint_mu_swamp_cave, sprint_mu_snake_twists,
          sprint_mu_blade_basic, sprint_mu_crypt_chambers,
          sprint_mu_tomb_spiral, sprint_mu_vestibule_basic,
          sprint_mu_gehenna_hellfire, sprint_mu_dis_giant,
          sprint_mu_tartarus_statrot, sprint_mu_cocytus_islands, sprint_mu_zot1]

Skill      XL: |  1  2  3  4  5  6  7  8  9 10 11 12 |
---------------+-------------------------------------+-----
Fighting       | 4 5 6 7 10 11 13 14 16 19 21 | 21.7
Long Blades    | 4 6 10 11 13 15 18 20 22 | 22.3
Dodging        | 4 5 8 9 10 11 12 14 17 | 17.7
Stealth        | 1 2 3 6 7 |  7.1
Throwing       | 2 |  2.4
Evocations     | 1 |  1.4

Action                   |  1- 3 |  4- 6 |  7- 9 | 10-12 | 13-15 || total
-------------------------+-------+-------+-------+-------+-------++-------
Melee: Falchion          |    24 |     9 |       |       |       ||    33
       Tailslap          |     4 |       |    12 |    40 |     9 ||    65
       Long sword        |       |       |    57 |       |       ||    57
       Scimitar          |       |       |    23 |    88 |       ||   111
       Great sword       |       |       |       |   184 |    37 ||   221
Throw: Javelin           |       |       |       |     3 |       ||     3
Invok: Berserk           |     3 |     2 |     3 |    13 |     2 ||    23
       Brothers in Arms  |       |       |       |     1 |     1 ||     2
 Abil: Breathe Lightning |       |       |     3 |     6 |     1 ||    10
Evoke: Tin of tremorston |       |       |       |     2 |       ||     2
  Use: Potion            |     3 |       |       |     2 |     3 ||     8
       Scroll            |       |       |       |       |     2 ||     2
 Stab: Sleeping          |       |       |       |     4 |       ||     4
Armor: Skin              |    10 |     1 |     2 |    42 |    10 ||    65
Dodge: Dodged            |    18 |     2 |    37 |   256 |    27 ||   340

Table legend: (Time is in decaauts)
 A = Elapsed time spent in this place.
 B = Non-inter-level travel time spent in this place.
 C = Inter-level travel time spent in this place.
 D = Time resting spent in this place.
 E = Time spent auto-exploring this place.
 F = Levels seen in this place.
 G = Mean time per level.
                   A        B        C        D        E       F      G
               +--------+--------+--------+--------+--------+-----+--------+
         Total |   6655 |   6655 |      0 |   5082 |      0 |   1 | 6655.0 |
       Dungeon |   6655 |   6655 |      0 |   5082 |      0 |   1 | 6655.0 |
               +--------+--------+--------+--------+--------+-----+--------+

Top non-repeatable levels by time:
       D: 6655 daAuts
